 Dungeon Crawl Stone Soup version 0.24.0-13-gcf9b3192b9 (webtiles) character file.

Game seed: 7422081575045748683, levelgen mode: deterministic

14 Masnef the Vexing (level 2, -2/20 HPs)
             Began as a Draconian Enchanter on Nov 7, 2019.
             Slain by a gnoll
             ... wielding a +0 spear
              (4 damage)
             ... on level 1 of the Dungeon.
             The game lasted 00:02:32 (864 turns).

Masnef the Vexing (Draconian Enchanter)              Turns: 864, Time: 00:02:33

Health: -2/20      AC:  4    Str: 10    XL:     2   Next: 31%
Magic:  1/5        EV: 12    Int: 15    God:
Gold:   11         SH:  0    Dex: 11    Spells: 2/5 levels left

rFire    . . .     SeeInvis .   a - +1 dagger
rCold    . . .     Gourm    .   (no shield)
rNeg     . . .     Faith    .   (armour unavailable)
rPois    .         Spirit   .   (helmet restricted)
rElec    .         Reflect  .   (no cloak)
rCorr    .         Harm     .   (no gloves)
MR       .....                  (no boots)
Stlth    ++........             (no amulet)
HPRegen  0.06/turn              (no ring)
MPRegen  0.09/turn              (no ring)

@: no status effects
A: unfitting armour, cold-blooded, AC +4
a: no special abilities


You were on level 1 of the Dungeon.
You were not hungry.

You visited 1 branch of the dungeon, and saw 1 of its levels.

You collected 11 gold pieces.

Inventory:

Hand Weapons
 a - a +1 dagger (weapon)
Jewellery
 b - an uncursed ring of ice
Scrolls
 e - a scroll of enchant weapon {unknown}
 g - 3 scrolls of amnesia {unknown}
 h - a scroll of teleportation {unknown}
 i - a scroll of identify {unknown}
Potions
 f - a potion of lignification {unknown}
Comestibles
 c - 3 rations


   Skills:
 + Level 1.4 Short Blades
 - Level 1.9 Dodging
 - Level 2.8 Stealth
 - Level 2.1 Spellcasting
 + Level 2.9 Hexes


You had 2 spell levels left.
You knew the following spells:

 Your Spells              Type           Power        Failure   Level  Hunger
a - Corona                Hex            ##.....      7%          1    #......
b - Ensorcelled Hibernat  Hex/Ice        #.....       19%         2    ###....

Your spell library contained the following spells:

 Spells                   Type           Power        Failure   Level  Hunger
 Confuse                  Hex            ##......     21%         3    ###....
 Tukima's Dance           Hex            ##......     21%         3    ###....
 Dazzling Spray           Conj/Hex       #.....       34%         3    ###....


Dungeon Overview and Level Annotations

Branches:
Dungeon (1/15)

Altars:


Innate Abilities, Weirdness & Mutations

Your plain brown scales are hard. (AC +4)
You cannot fit into any form of body armour.
You are cold-blooded and may be slowed by cold attacks.


Message History

You puncture the hobgoblin!
You kill the hobgoblin!
The gnoll hits you from afar with a +0 spear.
Casting: Ensorcelled Hibernation (safe; 19% risk of failure)
Confirm with . or Enter, or press ? or * to list all spells.
Aiming: Ensorcelled Hibernation (safe; 19% risk of failure)
Press: ? - help, Shift-Dir - straight line, f - gnoll
Aim: a gnoll, wielding a +0 spear (chance to defeat MR: 47%)
The gnoll looks drowsy...
The gnoll shouts!
The gnoll misses you.
You see here a +0 club.
You hit the gnoll.
The gnoll is lightly wounded.
You barely miss the gnoll.
The gnoll is lightly wounded.
The gnoll hits you with a +0 spear!
* * * LOW HITPOINT WARNING * * *
The gnoll hits you from afar with a +0 spear.
You die...

...............'...........(.....
.......#.......#.#####.#...#.....
#...##.........#.#####...)÷......
#...###........#..........##.####
#...# #..####'##.#...............
#...# ##.## #.##.#..##♣♣♣.♣♣♣##..
########..###.##....# ♣(♣ #..
####..........##....♣♣♣♣♣(♣♣♣♣♣..
...+..........##@#.....⌠.<.⌠..[..
####..........##)#..♣♣♣♣♣.♣♣♣♣♣..
..##..........##g#..# ♣⌠♣ #..
..##..........##.#..##♣♣♣.♣♣♣##..
..####.###+##.##.................
....... #..#.##.........########
###### #.#.##.######### ..#######
#...##.# #.......# ##.[##.#


You could see a gnoll.

Vanquished Creatures
  A dart slug (D:1)
  2 goblins (D:1)
  2 hobgoblins (D:1)
  2 kobolds (D:1)
  4 bats (D:1)
  2 rats (D:1)
13 creatures vanquished.

Notes
Turn   | Place    | Note
-------+----------+-------------------------------------------
     0 | D:1      | Masnef the Draconian Enchanter began the quest for the Orb.
     0 | D:1      | Reached XP level 1. HP: 14/14 MP: 3/3
   402 | D:1      | Reached XP level 2. HP: 7/20 MP: 5/5
   406 | D:1      | Learned a level 2 spell: Ensorcelled Hibernation
   864 | D:1      | Slain by a gnoll

Levels and vault maps discovered:
D:1:      scummos_arrival_forest, layout_basic

Action                   || total
-------------------------++-------
Melee: Dagger            ||    70
       Tailslap          ||     6
 Cast: Corona            ||     2
       Ensorcelled Hiber ||     2
 Stab: Sleeping          ||     1
Armor: Skin              ||    23
Dodge: Dodged            ||    55
